 Dungeon Crawl Stone Soup version 0.30-a0-1082-g70414cbcbb (webtiles) character file.

Game seed: 12648985391881496152

198 Arzdou the Chiller (level 5, -3/38 HPs)
             Began as a Draconian Ice Elementalist on Apr 15, 2023.
             Slain by a white imp (4 damage)
             ... on level 4 of the Dungeon.
             The game lasted 00:06:47 (3772 turns).

Arzdou the Chiller (Draconian Ice Elementalist)     Turns: 3772, Time: 00:06:48

Health: -3/38      AC:  5    Str: 10    XL:     5   Next: 47%
Magic:  4/10       EV: 12    Int: 18    God:
Gold:   347        SH:  0    Dex: 11    Spells: 4/11 levels left

rFire   . . .      SeeInvis .    g - +0 hand axe
rCold   . . .      Faith    .    (no shield)
rNeg    . . .      Spirit   .    (body armour unavailable)
rPois   .          Reflect  .    (helmet restricted)
rElec   .          Rampage  .    (no cloak)
rCorr   .                        (no gloves)
Will    .....                    (no boots)
Stlth   ++                       (no amulet)
HPRegen 0.26/turn                (no ring)
MPRegen 0.12/turn                (no ring)

@: attractive
A: AC +5, unfitting armour, cold-blooded
a: no special abilities


You were on level 4 of the Dungeon.
You visited 1 branch of the dungeon, and saw 5 of its levels.

You collected 347 gold pieces.

Inventory:

Hand Weapons
 g - a +0 hand axe (weapon)
Jewellery
 r - a ring of ice
 t - a ring of resist corrosion
Scrolls
 c - 2 scrolls of poison {unknown}
 d - 2 scrolls of summoning {unknown}
 e - 4 scrolls of teleportation {unknown}
 f - 4 scrolls of noise {unknown}
 h - 4 scrolls of immolation {unknown}
 i - a scroll of magic mapping {unknown}
 l - 3 scrolls of enchant weapon {unknown}
 q - 3 scrolls of identify {unknown}
 s - a scroll of fear {unknown}
 v - a scroll of silence {unknown}
Potions
 a - a potion of magic
 b - a potion of degeneration {unknown}
 j - 2 potions of attraction
 k - a potion of berserk rage {unknown}
 m - a potion of haste {unknown}
 n - a potion of cancellation {unknown}
 o - a potion of curing {unknown}
 p - 2 potions of heal wounds {unknown}
 u - a potion of brilliance {unknown}


   Skills:
 + Level 2.0 Dodging
 + Level 2.1 Stealth
 * Level 3.8 Spellcasting
 * Level 5.4 Ice Magic


You had 4 spell levels left.
You knew the following spells:

 Your Spells              Type           Power      Damage    Failure   Level
a - Freeze                Ice            92%        1d9       1%          1
b - Frozen Ramparts       Ice            46%        1d7       4%          3
c - Ozocubu's Armour      Ice            23%        N/A       4%          3

Your spell library contained the following spells:

 Spells                   Type           Power      Damage    Failure   Level
 Passwall                 Tmut/Erth      2%         N/A       22%         2
 Summon Ice Beast         Ice/Summ       13%        N/A       43%         4
 Petrify                  Tmut/Erth      3%         N/A       83%         4
 Borgnjor's Vile Clutch   Necr/Erth      1%         N/A       99%         5
 Lehudib's Crystal Spear  Conj/Erth      1%         10d2      100%        8


Dungeon Overview and Level Annotations

Branches:
Dungeon (5/15)
 Temple: D:4-7

Altars:

Annotations:
D:3 3 runed translucent doors, MrClown's ghost, amateur DsNe


Innate Abilities, Weirdness & Mutations

Your plain brown scales are hard. (AC +5)
You cannot fit into any form of body armour.
You are cold-blooded and may be slowed by cold attacks.


Message History

The wall freezes the orc.
You kill the orc!
The wall freezes the white imp but does no damage.
You closely miss the white imp.
The white imp is heavily wounded.
The white imp completely resists.
The wall freezes the white imp but does no damage.
The white imp hits you. The white imp freezes you.
You hit the white imp but do no damage.
The white imp is heavily wounded.
The wall freezes the white imp but does no damage.
The white imp barely misses you.
You hit the white imp.
Your tail-slap misses the white imp.
The white imp is heavily wounded.
The frozen ramparts melt away.
The white imp hits you but does no damage.
You hit the white imp.
The white imp is almost dead.
The white imp closely misses you. The white imp gestures at you.
The puff of frost hits you!
* * * LOW HITPOINT WARNING * * *
You barely miss the white imp.
The white imp is almost dead.
The white imp closely misses you.
You barely miss the white imp.
The white imp is almost dead.
The white imp gestures at you. The puff of frost hits you.
* * * LOW HITPOINT WARNING * * *
Things that are here:
a +0 flail; an orc corpse
Okay, then.
It was a potion of attraction.
You feel attractive to monsters. The white imp barely misses you.
The white imp attacks as you move away! The white imp hits you.
* * * LOW HITPOINT WARNING * * *
The white imp freezes you.
You die...

###### #....# #.##.# #####
#..#.# #...# ###.#.# #.#.#
#.....# #.#.# #.###.# #.#)# #.#
#.# #.#5# ###.# #.# #.#@#
....###.# #.#.#
........######.#.# ######
.................##########....#
#.############.##.........#.##.#
........# #.##..............#..#
....###># #.##..#........###..##
......#.# #.##..#...#.#..##..##
....#.#.# #.#...#..).<....#.##


You could see a white imp.

Vanquished Creatures
  An orc priest (D:3)
  A hound (D:4)
  An orc wizard (D:5)
  3 gnolls (D:4)
  2 worms
  7 orcs
  12 endoplasms
  4 giant cockroaches
  8 goblins
  7 hobgoblins
  A jackal (D:1)
  2 quokkas
  3 ball pythons
  7 bats
  4 frilled lizards
  3 kobolds (D:3)
  5 rats
71 creatures vanquished.

Vanquished Creatures (others)
  10 fungi (D:3)
10 creatures vanquished.

Grand Total: 81 creatures vanquished

Notes
Turn   | Place    | Note
-------+----------+-------------------------------------------
     0 | D:1      | Arzdou the Draconian Ice Elementalist began the quest for
                  | the Orb.
     0 | D:1      | Reached XP level 1. HP: 14/14 MP: 3/3
   342 | D:1      | Reached XP level 2. HP: 20/20 MP: 0/5
  1045 | D:2      | Reached XP level 3. HP: 26/26 MP: 0/6
  1049 | D:2      | Learned a level 3 spell: Frozen Ramparts
  1053 | D:2      | Learned a level 3 spell: Ozocubu's Armour
  2242 | D:3      | Got the Secrets of Geology
  2402 | D:3      | Found a runed translucent gate.
  2402 | D:3      | Found a runed translucent gate.
  2403 | D:3      | Found a runed translucent gate.
  2406 | D:3      | Noticed MrClown's ghost (amateur DsNe)
  2445 | D:3      | Reached XP level 4. HP: 33/33 MP: 2/8
  2836 | D:4      | Reached skill level 5 in Ice Magic
  3118 | D:4      | Reached XP level 5. HP: 38/38 MP: 6/10
  3568 | D:4      | Identified the +6 plate armour of Yjijite {rCorr}
  3745 | D:5      | Entered Level 5 of the Dungeon
  3772 | D:4      | HP: 1/38 [white imp (2)]
  3772 | D:4      | Slain by a white imp

Illustrated notes

Levels and vault maps discovered:
D:1:      dpeg_arrival_line_fractal, layout_basic, serial_forest,
          infiniplex_forest_lined_2, infiniplex_forest_corner_1,
          infiniplex_forest_clump_small, infiniplex_forest_end_2,
          infiniplex_forest_diagonal, infiniplex_forest_corner_2,
          infiniplex_forest_lined_4_way, infiniplex_forest_lined_room_2,
          minmay_cupped
D:2:      layout_basic
D:3:      layout_loops_ring, gammafunk_ghost_necromancy,
          dreamdust_mushroom_princess
D:4:      layout_basic, st_stairs_14
D:5:      layout_gridville, nicolae_kikubaaqudgha_miasma_corner,
          gup_sewer_entry_pipe

Skill      XL: |  1  2  3  4  5 |
---------------+----------------+-----
Stealth        | 2 |  2.1
Spellcasting   | 3 |  3.8
Ice Magic      | 5 |  5.4
Dodging        | 2 |  2.0

Action                     |  1- 3 |  4- 6 || total
---------------------------+-------+-------++-------
  Melee: Unarmed           |     6 |       ||     6
         Hand axe          |     6 |    28 ||    34
         Punch             |     1 |       ||     1
         Tailslap          |     1 |     5 ||     6
   Cast: Freeze            |    72 |    12 ||    84
         Frozen Ramparts   |     2 |    10 ||    12
         Ozocubu's Armour  |       |     1 ||     1
    Use: Potion            |       |     1 ||     1
 Armour: Skin              |    18 |     6 ||    24
  Dodge: Dodged            |    41 |    43 ||    84

Table legend: (Time is in decaauts)
 A = Elapsed time spent in this place.
 B = Non-inter-level travel time spent in this place.
 C = Inter-level travel time spent in this place.
 D = Time resting spent in this place.
 E = Time spent auto-exploring this place.
 F = Levels seen in this place.
 G = Mean time per level.
                   A        B        C        D        E       F      G
               +--------+--------+--------+--------+--------+-----+--------+
         Total |   3787 |   3649 |    138 |     35 |   3107 |   5 |  757.4 |
       Dungeon |   3787 |   3649 |    138 |     35 |   3107 |   5 |  757.4 |
               +--------+--------+--------+--------+--------+-----+--------+

Top non-repeatable levels by time:
     D:4: 1067 daAuts
     D:3: 973 daAuts
     D:1: 895 daAuts
     D:2: 835 daAuts
     D:5: 16 daAuts
